 Dungeon Crawl Stone Soup version 0.28.0-53-g5a82cb258f (webtiles) character file.

Game seed: 14567391233992181040

739923 Jerry the Ecstatic (level 27, -2/136 (156) HPs)
             Began as a Vine Stalker Fighter on Aug 2, 2022.
             Was a High Priest of Uskayaw.
             Slain by a searing wretch (6 damage)
             ... on level 7 of Gehenna on Sept 14, 2022.
             The game lasted 09:32:09 (80900 turns).

Jerry the Ecstatic (Vine Stalker Fighter)          Turns: 80900, Time: 09:32:12

HP:   -2/136 (156)  AC: 44    Str: 26 (36) XL:     27
MP:   0/40          EV: 10    Int: 13 (18) God:    Uskayaw [*****.]
Gold: 2926          SH: 19    Dex: 11 (19) Spells: 31/46 levels left

rFire   + + .      SeeInvis +   s - +8 rapier of Jeptih {speed, Will+}
rCold   + + +      Faith    .   w - +2 shield of Resistance {rF++ rC++ Will++}
rNeg    + + .      Spirit   +   l - +7 gold dragon scales
rPois   +          Reflect  +   E - +0 mask of the Dragon {Will+ Slay+3 SInv}
rElec   +          Harm     .   N - +1 cloak {rCorr}
rCorr   +          Rampage  .   R - +2 pair of gloves {hurl}
Will    +++++                   e - +0 pair of boots "Ezuamm" {rN+ Str+7}
Stlth   ..........              W - amulet of Derae {Reflect Int+3 SH+5}
HPRegen 1.12/turn               K - ring "Buxkeino" {rN+ Str+5}
MPRegen 0.27/turn               n - ring "Hytecoym" {rElec rC+ AC+4 Int+3}

@: fire vulnerable, on berserk cooldown, slowed, studying Earth Magic, heavily
drained, invisible, unable to read, very slow
A: fangs 3, regeneration 1, magic shield, antimagic bite, no potion heal 2,
horns 1, clumsy 1, deterioration 1, mutation resistance 1, strong 1
}: 5/15 runes: barnacled, slimy, silver, abyssal, gossamer
a: Renounce Religion, Stomp, Line Pass, Grand Finale


You were on level 7 of Gehenna.
You worshipped Uskayaw.
Uskayaw was extremely pleased with you.
You visited 14 branches of the dungeon, and saw 65 of its levels.
You visited the Abyss 2 times.
You visited 1 bazaar.
You also visited: Trove, Ossuary, Gauntlet and Volcano.

You collected 11353 gold pieces.
You spent 8427 gold pieces at shops.

Inventory:

Hand Weapons
 s - the +8 rapier of Jeptih (weapon) {speed, Will+}
   (You found it in a treasure trove)

   Attacks with this weapon are significantly faster.
   Will:      It increases your willpower.
Missiles
 j - 3 silver javelins (quivered)
 t - 12 stones
Armour
 e - the +0 pair of boots "Ezuamm" (worn) {rN+ Str+7}
   (You found it on level 14 of the Dungeon)

   Str:       It affects your strength (+7).
   rN:        It protects you from negative energy.
 k - the +2 faerie dragon scales {rCorr Int+4 Stlth+ Clar}
   (You took it off the Enchantress on level 2 of the Depths)

   Int:       It affects your intelligence (+4).
   Clar:      It protects you against confusion.
   rCorr:     It protects you from acid and corrosion.
   Stlth:     It makes you more stealthy.
 l - +7 gold dragon scales (worn)
 w - the +2 shield of Resistance (worn) {rF++ rC++ Will++}
   (You found it on level 3 of the Elven Halls)

   rF:        It greatly protects you from fire.
   rC:        It greatly protects you from cold.
   Will:      It greatly increases your willpower.
 E - the +0 mask of the Dragon (worn) {Will+ Slay+3 SInv}
   (You found it on level 4 of the Spider Nest)

   Slay:      It affects your accuracy & damage with ranged weapons and melee
   (+3).
   SInv:      It lets you see invisible.
   Will:      It increases your willpower.
 N - a +1 cloak of preservation (worn)
 R - a +2 pair of gloves of hurling (worn)
Jewellery
 n - the ring "Hytecoym" (right hand) {rElec rC+ AC+4 Int+3}
   (You bought it in a shop on level 4 of the Shoals)

   [ring of protection]

   AC:        It affects your AC (+4).
   Int:       It affects your intelligence (+3).
   rC:        It protects you from cold.
   rElec:     It insulates you from electricity.
 K - the ring "Buxkeino" (left hand) {rN+ Str+5}
   (You found it on level 3 of the Crypt)

   [ring of positive energy]

   Str:       It affects your strength (+5).
   rN:        It protects you from negative energy.
 L - a ring of flight
 V - the macabre finger necklace {rN+}
   (You found it on level 3 of the Elven Halls)

   [amulet of nothing]

   It enables you to equip an extra ring.
   rN:        It protects you from negative energy.
 W - the amulet of Derae (around neck) {Reflect Int+3 SH+5}
   (You found it on level 2 of the Spider Nest)

   [amulet of reflection]

   It reflects blocked missile attacks.
   Int:       It affects your intelligence (+3).
   SH:        It affects your SH (+5).
Wands
 B - a wand of flame (94)
 C - a wand of mindburst (45)
 H - a wand of polymorph (12)
 O - a wand of paralysis (6)
 T - a wand of acid (24)
 U - a wand of iceblast (36)
 X - a wand of digging (18)
Scrolls
 a - 3 scrolls of enchant armour
 b - 14 scrolls of immolation
 c - 6 scrolls of silence
 g - 24 scrolls of teleportation
 o - 2 scrolls of fog
 p - 2 scrolls of magic mapping
 u - 6 scrolls of amnesia
 v - 37 scrolls of identify
 y - 6 scrolls of blinking
 z - a scroll of summoning
 D - a scroll of holy word
 I - 9 scrolls of enchant weapon
 J - a scroll of acquirement
 M - 2 scrolls of brand weapon
 P - 7 scrolls of fear
Potions
 d - 4 potions of might
 f - a potion of invisibility
 h - 7 potions of flight
 i - 6 potions of resistance
 m - 9 potions of brilliance
 q - a potion of haste
 r - 29 potions of curing
 A - 8 potions of ambrosia
 G - 6 potions of cancellation
 Z - 2 potions of magic


   Skills:
 - Level 20.1 Fighting
 - Level 12.3(17.4) Short Blades
 - Level 19.7(20.9) Long Blades
 + Level 23.1 Armour
 - Level 14.0 Dodging
 - Level 12.9 Shields
 - Level 10.3 Spellcasting
 + Level 14.5 Transmutations
 + Level 15.8 Earth Magic
 + Level 25.0 Invocations


You had 31 spell levels left.
You knew the following spells:

 Your Spells              Type           Power      Damage    Failure   Level
a - Statue Form           Tmut/Erth      30%        N/A       54%         6
b - Petrify               Tmut/Erth      46%        N/A       4%          4
c - Passwall              Tmut/Erth      38%        N/A       1%          2
d - Wereblood             Tmut           44%        N/A       1%          2
e - Sandblast             Erth           96%        2d20      1%          1

Your spell library contained the following spells:

 Spells                   Type           Power      Damage    Failure   Level
 Beastly Appendage        Tmut           88%        N/A       1%          1
 Lee's Rapid Deconstruct  Erth           24%        3d14*     9%          5
 Sting                    Tmut/Pois      100%       1d8       11%         1
 Stone Arrow              Conj/Erth      54%        3d10      24%         3
 Spider Form              Tmut/Pois      25%        N/A       32%         3
 Leda's Liquefaction      Hex/Erth       13%        N/A       63%         4
 Ignite Poison            Fire/Tmut/Pois 19%        N/A       65%         3
 Ice Form                 Ice/Tmut       25%        N/A       71%         4
 Freeze                   Ice            24%        1d5       91%         1
 Magic Dart               Conj           24%        1d4       91%         1
 Ensorcelled Hibernation  Hex/Ice        12%        N/A       97%         2
 Poisonous Vapours        Pois/Air       12%        N/A       97%         2
 Searing Ray              Conj           12%        2d4       97%         2
 Static Discharge         Conj/Air       6%         N/A       97%         2
 Call Canine Familiar     Summ           6%         N/A       99%         3
 Dazzling Flash           Conj/Hex       12%        N/A       99%         3
 Frozen Ramparts          Ice            12%        1d3       99%         3
 Gell's Gravitas          Tloc           6%         N/A       99%         3
 Inner Flame              Hex/Fire       6%         N/A       99%         3
 Lesser Beckoning         Tloc           6%         N/A       99%         3
 Mephitic Cloud           Conj/Pois/Air  6%         N/A       99%         3
 Portal Projectile        Hex/Tloc       12%        N/A       99%         3
 Summon Guardian Golem    Hex/Summ       6%         N/A       99%         3
 Teleport Other           Tloc           6%         N/A       99%         3
 Vampiric Draining        Necr           6%         2d6       99%         3
 Anguish                  Hex/Necr       3%         N/A       100%        4
 Animate Dead             Necr           3%         N/A       100%        4
 Cause Fear               Hex            3%         N/A       100%        4
 Dispel Undead            Necr           6%         3d8       100%        4
 Fulminant Prism          Conj/Hex       3%         3d6       100%        4
 Hailstorm                Conj/Ice       6%         3d4       100%        4
 Iskenderun's Mystic Bla  Conj/Tloc      6%         2d4       100%        4
 Olgreb's Toxic Radiance  Pois           6%         N/A       100%        4
 Sticky Flame             Conj/Fire      6%         2d3       100%        4
 Summon Ice Beast         Ice/Summ       6%         N/A       100%        4
 Summon Lightning Spire   Summ/Air       6%         N/A       100%        4
 Agony                    Necr           6%         N/A       100%        5
 Freezing Cloud           Conj/Ice/Air   3%         6-21      100%        5
 Metabolic Englaciation   Hex/Ice        3%         N/A       100%        5
 Silence                  Hex/Air        3%         N/A       100%        5
 Summon Forest            Summ/Tloc      3%         N/A       100%        5
 Death Channel            Necr           3%         N/A       100%        6
 Dispersal                Tloc           3%         N/A       100%        6
 Eringya's Noxious Bog    Tmut/Pois      12%        N/A       100%        6
 Simulacrum               Ice/Necr       3%         N/A       100%        6
 Starburst                Conj/Fire      3%         6d3       100%        6
 Haunt                    Necr/Summ      3%         N/A       100%        7
 Orb of Destruction       Conj           3%         9d5       100%        7
 Ozocubu's Refrigeration  Ice            3%         4d5       100%        7
 Spellforged Servitor     Conj/Summ      3%         N/A       100%        7
 Storm Form               Tmut/Air       12%        N/A       100%        7
 Summon Hydra             Summ           3%         N/A       100%        7
 Discord                  Hex            3%         N/A       100%        8
 Disjunction              Tloc           3%         N/A       100%        8
 Ignition                 Fire           3%         3d4       100%        8
 Infestation              Necr           3%         N/A       100%        8
 Maxwell's Capacitive Co  Air            3%         ∞         100%        8
 Chain Lightning          Conj/Air       3%         3d4       100%        9
 Polar Vortex             Ice            3%         N/A       100%        9


Dungeon Overview and Level Annotations

Branches:
Dungeon (15/15)            Temple (1/1) D:7            Lair (6/6) D:9
 Shoals (4/4) Lair:4       Spider (4/4) Lair:3        Slime (5/5) Lair:6
    Orc (2/2) D:9             Elf (3/3) Orc:2        Vaults (5/5) D:14
  Crypt (3/3) Vaults:2       Tomb (0/3) Crypt:3      Depths (4/4) D:15
   Hell (visited)             Dis (0/7) Hell            Geh (7/7) Hell
    Coc (0/7) Hell            Tar (0/7) Hell            Zot (5/5) Depths:4
Ossuary (visited)         Volcano (visited)         Gauntlet (visited)

Altars:
Cheibriados
Dithmenos
Elyvilon
Fedhas
Gozag
Kikubaaqudgha
Makhleb
Nemelex Xobeh
Okawaru
Qazlal
Ru
Sif Muna
Trog
Uskayaw
Vehumet
Wu Jian
Yredelemnul
Zin
The Shining One
Beogh
Jiyva
Lugonu

Shops:
D:4 [   D:9 [   D:11 *   Orc:2 :[:[   Elf:3 [   Shoals:1 !   Shoals:2 (*
Shoals:4 =   Vaults:1 [   Vaults:2 [[*   Vaults:3 *:*   Vaults:4 !
Depths:1 (?*   Depths:2 **??   Depths:3 *

Portals:
Hell: Depths:1 Depths:2 Depths:3 Depths:4
Abyss: Lair:4 Depths:1 Depths:3
Pandemonium: Depths:2
Ziggurat: Depths:4

Annotations:
D:9 exclusion: ice statue
Lair:5 2 transporters, Serogusm's ghost, journeyman CeAM
Orc:1 2 transporters, Lynix's ghost, journeyman MiBe


Innate Abilities, Weirdness & Mutations

You have razor-sharp teeth.
Your natural rate of healing is unusually fast.
When hurt, damage is shared between your health and your magic reserves.
Your bite disrupts and absorbs the magic of your enemies.
Potions cannot restore your health.
You have a pair of small horns on your head.
You are clumsy. (Dex -2)
Your body sometimes deteriorates upon taking damage.
You are somewhat resistant to further mutation.
Your muscles are strong. (Str +2)


Message History

* * * LOW HITPOINT WARNING * * *
The searing wretch claws you but does no damage.
The searing wretch bites you but does no damage.
You puncture the searing wretch! You headbutt the searing wretch!
You bite the searing wretch. You drain its power.
You feel invigorated.
The searing wretch is almost destroyed.
You block the searing wretch's attack. x2
The searing wretch completely misses you.
You block the searing wretch's attack.
The searing wretch claws you but does no damage.
The searing wretch bites you but does no damage.
Uskayaw links your audience in an emotional bond!
You puncture the searing wretch!
You destroy the searing wretch!
You feel less vulnerable to fire. You block the searing wretch's attack.
The searing wretch claws you!
* * * LOW HITPOINT WARNING * * *
You block the searing wretch's attack.
The searing wretch claws you but does no damage.
The searing wretch claws you.
* * * LOW HITPOINT WARNING * * *
Your fire resistance is stripped away!
The searing wretch barely misses you.
You can now merge with and destroy a victim.
You puncture the searing wretch! You headbutt the searing wretch.
Your bite misses the searing wretch.
The searing wretch is moderately damaged.
The searing wretch claws you!
* * * LOW HITPOINT WARNING * * *
You are engulfed in flames.
You resist.
* * * LOW HITPOINT WARNING * * *
You block the searing wretch's attack.
The searing wretch bites you but does no damage.
You fade into invisibility!
You block the searing wretch's attack. The searing wretch barely misses you.
You block the searing wretch's attack.
The searing wretch claws you but does no damage.
The searing wretch closely misses you. You block the searing wretch's attack.
The searing wretch claws you but does no damage.
The searing wretch claws you!
You die...

.... ##.)..≈. #...# ##..≈≈≈
##...# #...≈≈ . #....# #...≈≈ ..#
###....# #.≈≈≈≈
....#######......## ##.≈.≈≈
..................#####...≈≈§
......)....nn....''......≈≈≈≈
#...........@...''......≈≈≈§§
#####....#####.''......≈≈≈≈≈≈ ###
###### ##'.......§≈§§≈§ #.#####
#........§≈§≈≈§ ......####
#.......≈.§§≈§§ .........####
#.......≈≈§≈§§§ ............##
##))..§.≈≈≈§§≈≈§
.............#####.....§§.≈≈≈§≈≈≈
§....................≈.≈≈≈≈≈§§≈≈§


You could see 2 searing wretches.

Vanquished Creatures
  the Royal Jelly (Slime:5)
  6 orbs of fire
  Mara (D:15)
  4 ancient liches
  2 dread liches
  4 juggernauts
  Sojobo (Depths:4)
  Boris (twice) (Depths:3 Vaults:5)
  7 Killer Klowns
  A shard shrike (Zot:5)
  Bai Suzhen (Depths:1)
  Saint Roka (Depths:3)
  4 curse toes
  4 caustic shrikes
  14 golden dragons
  Geryon (Hell)
  the Enchantress (Depths:2)
  3 bone dragons
  7 hellephants
  3 Brimstone Fiends
  3 electric golems
  Mlioglotl (Shoals:4)
  18 tentacled monstrosities
  A walking crystal tome (Depths:3)
  20 Orb Guardians (Zot:5)
  Asterion (Elf:1)
  14 searing wretches
  A walking frostbound tome (Depths:2)
  A walking earthen tome (Depths:2)
  6 liches
  6 titans
  13 quicksilver dragons
  18 acid blobs
  Polyphemus (Shoals:4)
  An acid blob (shapeshifter) (Vaults:5)
  6 deep elf blademasters
  3 krakens
  An Executioner (Abyss:5)
  4 deep elf master archers (Elf:3)
  Gastronok (Lair:3)
  A walking divine tome (Depths:4)
  An eldritch tentacle (Zot:5)
  7 death cobs
  5 sphinxes
  Frances (Spider:1)
  14 shadow dragons
  3 tentacled starspawn (Abyss:5)
  6 draconian monks
  Kirke (D:12)
  9 ancient champions
  The ghost of Rod Caur the Severer, an adept HOFi of Beogh (Spider:2)
  20 storm dragons
  9 tengu reavers
  Roxanne (Elf:1)
  2 revenants (Crypt:1)
  7 rockslimes
  2 draconian knights
  26 fire giants
  18 azure jellies
  6 deep elf sorcerers
  15 frost giants
  3 iron dragons
  Aizul (Shoals:4)
  Louise (Depths:1)
  5 ghost moths
  2 orc warlords
  3 deep elf elementalists (Elf:3)
  4 spectral caustic shrikes (Depths:1)
  The ghost of Lemuel the Severer, a journeyman MiFi of Makhleb (Shoals:1)
  26 vault wardens
  20 balrugs
  8 draconian scorchers
  8 draconian shifters
  3 emperor scorpions
  2 curse skulls
  8 draconian stormcallers
  20 ironbound preservers
  8 draconian annihilators
  3 ghouls
  A quicksilver ooze (shapeshifter) (Vaults:5)
  7 broodmothers
  8 reapers
  A caustic shrike zombie (D:15)
  17 stone giants
  6 spriggan defenders
  9 war gargoyles
  24 very ugly things
  8 ironbound thunderhulks
  5 quicksilver oozes (Slime:5)
  2 caustic shrike skeletons
  10 vampire knights
  2 deep elf demonologists
  4 entropy weavers
  Nessos (D:13)
  A lorocyproca (Depths:1)
  6 deep elf annihilators (Elf:3)
  11 green draconians
  14 white draconians
  A minotaur (Gauntlet)
  15 dire elephants
  15 black draconians
  17 red draconians
  11 spark wasps
  An entropy weaver (shapeshifter) (Vaults:5)
  The ghost of Murgh the Cleaver, a journeyman MiBe of Trog (Lair:4)
  17 purple draconians
  9 yellow draconians
  5 deep elf death magi
  5 crystal guardians
  4 blizzard demons
  9 ettins
  5 fire dragons
  2 jiangshi (Crypt:1)
  16 yaktaur captains
  8 merfolk impalers
  4 merfolk javelineers (Shoals:4)
  5 eidola
  21 great orbs of eyes
  4 deep elf high priests
  Harold (D:10)
  8 hydras
  7 catoblepae
  12 ice dragons
  6 spriggan air magi
  3 peacekeepers
  3 spriggan zombies
  Fannar (D:12)
  4 ogre magi
  8 rakshasas
  4 boulder beetles
  37 vault guards
  A juggernaut simulacrum (D:15)
  A jorogumo (shapeshifter) (Depths:3)
  A hell beast (Zot:5)
  9 salamander tyrants
  4 stokers
  A spectral tengu (D:15)
  9 centaur warriors
  10 ironbound frosthearts
  4 satyrs
  20 two-headed ogres
  3 merfolk avatars
  2 radroaches
  2 spectral frost giants (D:15)
  4 merfolk aquamancers
  A spriggan skeleton (Crypt:3)
  A jorogumo (Spider:3)
  6 tengu warriors
  4 death knights
  7 deep troll shamans
  10 deep troll earth magi
  An alligator (shapeshifter) (Vaults:5)
  25 death yaks
  42 hell hogs
  7 vampire magi
  A thrashing horror (Lair:4)
  41 dancing weapons
  An orc high priest (Orc:2)
  Urug (Lair:3)
  20 deep elf knights
  A titan zombie (Crypt:3)
  A titan skeleton (Crypt:3)
  A storm dragon zombie (Vaults:4)
  3 soul eaters (Depths:1)
  10 spriggan berserkers
  16 hell knights
  2 shadow wraiths (Hell)
  3 sun demons
  A fire crab (Gauntlet)
  A sixfirhy (Abyss:3)
  A wretched star (Abyss:5)
  7 iron trolls
  2 sun moths (Spider:3)
  3 pharaoh ants
  32 skeletal warriors
  A death drake (shapeshifter) (Depths:4)
  A golden dragon zombie (Crypt:2)
  72 deep trolls
  3 anaconda zombies (Crypt:1)
  12 orb spiders
  An orb spider (shapeshifter) (Depths:2)
  2 flayed ghosts
  2 spatial maelstroms
  8 sea snakes
  10 steelbarb worms
  4 glowing orange brains
  4 starcursed masses
  An obsidian statue (Vaults:4)
  15 wizards
  29 deep elf pyromancers
  14 necromancers
  12 phantasmal warriors
  11 orc knights
  11 lindwurms
  7 deep elf archers
  15 ironbound convokers
  29 deep elf zephyrmancers
  An anaconda skeleton (Crypt:1)
  A tengu skeleton (Crypt:1)
  24 harpies
  A goliath frog zombie (Crypt:2)
  3 orc sorcerers
  A shining eye (Slime:5)
  A frost giant zombie (D:15)
  A glowing shapeshifter (Vaults:5)
  18 wolf spiders
  44 ugly things
  14 manticores
  21 fauns
  7 cyclopes
  5 salamanders (Volcano)
  32 moths of wrath
  A manticore (shapeshifter) (Vaults:3)
  A worldbinder (Abyss:3)
  Maurice (D:8)
  16 merfolk sirens
  8 rust devils
  Joseph (D:8)
  5 elephants
  5 water nymphs
  An orange demon (Abyss:3)
  5 black mambas
  An ice statue (Hell)
  6 torpor snails
  22 vault sentinels
  3 eyes of devastation
  An alligator snapping turtle zombie (Hell)
  A guardian serpent (shapeshifter) (Depths:4)
  7 smoke demons
  A gargoyle (Volcano)
  A cane toad (shapeshifter) (Vaults:5)
  16 molten gargoyles
  4 centaur skeletons (D:14)
  A dire elephant skeleton (Crypt:3)
  An elf zombie (Vaults:2)
  An unseen horror (D:12)
  8 demonic crawlers
  4 kobold demonologists
  2 tormentors
  Maggie (D:7)
  12 cane toads
  2 rime drakes
  2 catoblepas zombies
  An efreet (D:14)
  16 freezing wraiths
  An anaconda simulacrum (Hell)
  6 hellions
  A tengu conjurer (Depths:2)
  49 yaktaurs
  2 ice devils (Lair:4)
  11 komodo dragons
  5 ancient zymes
  A sea snake skeleton (Hell)
  3 hellwings (Abyss:5)
  A yellow draconian skeleton (Crypt:2)
  6 meliai
  A queen bee (shapeshifter) (Vaults:5)
  3 harpy zombies (Crypt:3)
  9 wind drakes
  A troll (shapeshifter) (Abyss:5)
  2 hydra zombies (Hell)
  36 merfolk
  6 trolls
  2 polar bears
  2 raiju
  A wolf spider simulacrum (D:15)
  15 tarantellas
  A harpy skeleton (Crypt:3)
  9 hornets
  2 alligator zombies (Hell)
  10 large abominations
  7 snapping turtles
  16 blink frogs
  An iron dragon simulacrum (Vaults:2)
  122 slime creatures
  3 stone giant simulacra
  5 dream sheep
  An ice dragon zombie (Crypt:1)
  An alligator skeleton (Hell)
  A centaur simulacrum (Crypt:1)
  53 flying skulls
  21 water elementals
  13 jumping spiders
  An air elemental (Elf:1)
  11 spriggans
  2 vampires (Crypt:2)
  14 culicivoras
  A shadow (D:12)
  Sigmund (D:6)
  An ettin skeleton (Vaults:4)
  12 wraiths
  2 wyverns
  6 basilisks
  A fire elemental (Elf:3)
  3 fire bats (Gauntlet)
  10 golden eyes
  60 yaks
  6 hogs (D:12)
  3 neqoxecs (Abyss:3)
  46 redbacks
  16 vampire mosquitoes
  12 wargs
  2 steam dragons
  A demonspawn zombie (Crypt:3)
  3 chaos spawn
  A two-headed ogre zombie (Crypt:3)
  Edmund (D:5)
  A human zombie (Vaults:2)
  2 spatial vortices
  2 naga zombies
  3 small abominations (Abyss:3)
  4 acid dragons
  An ogre skeleton (Vaults:2)
  14 water moccasins
  A hydra simulacrum (Hell)
  A merfolk skeleton (Crypt:1)
  3 hell hounds (Gauntlet)
  6 black bears
  31 orc warriors
  A swamp dragon zombie (Crypt:2)
  An alligator simulacrum (Hell)
  An ice beast (D:7)
  2 sky beasts (D:7)
  An ettin simulacrum (D:15)
  2 necrophages
  19 ogres
  23 wolves
  A blink frog zombie (Crypt:2)
  6 centaurs
  2 elf simulacra (Vaults:4)
  A swamp dragon skeleton (Crypt:1)
  2 phantoms (D:5)
  5 kobold brigands
  12 bullfrogs
  3 wyvern zombies
  A gnoll sergeant (D:11)
  An earth elemental (Elf:1)
  4 water moccasin zombies (Ossuary)
  4 scorpions
  A naga simulacrum (Crypt:1)
  2 tengu simulacra
  2 wyvern skeletons
  A yak zombie (Crypt:2)
  14 wights
  A water moccasin skeleton (Crypt:2)
  4 electric eels
  7 howler monkeys
  8 centaur zombies
  A basilisk zombie (Crypt:1)
  4 hounds
  A jelly (Abyss:3)
  A gnoll shaman (D:6)
  A human skeleton (Crypt:2)
  A scorpion zombie (D:5)
  7 orc priests
  7 hell rats
  An iguana (D:5)
  16 orc wizards
  An ogre zombie (Crypt:1)
  2 mummies (Ossuary)
  9 gnolls
  5 adders
  2 white imps
  2 adder zombies (Ossuary)
  The ghost of Ichoitic the Sneak, a weakling FoDe (D:15)
  A barachi zombie (Crypt:2)
  A dart slug (D:5)
  A worm (D:2)
  55 orcs
  11 endoplasms
  2 giant cockroaches
  3 gnoll zombies (Ossuary)
  6 goblins
  9 hobgoblins
  6 jackals (D:1)
  7 quokkas
  2 river rat zombies
  14 ball pythons
  4 bats
  4 frilled lizards
  A goblin zombie (D:4)
  5 hobgoblin zombies (Ossuary)
  26 kobolds
  10 kobold zombies (Ossuary)
  3 orc zombies (Ossuary)
  7 rats
  A rat zombie (D:4)
  A river rat skeleton (Crypt:1)
  2 bushes (Abyss:5)
  5 creeping infernos
  37 fire vortices
  2 starspawn tentacles (Abyss:5)
  A tentacle (Shoals:2)
2930 creatures vanquished.

Vanquished Creatures (others)
  A merfolk javelineer (Shoals:4)
  3 stokers (Geh:7)
  A spectral ettin (D:15)
  A human (D:12)
  A redback (Spider:3)
  2 hell rats (Hell)
  A bush (Lair:3)
  4 creeping infernos
  6 demonic plants (Abyss:5)
  9 fire vortices
  52 fungi
  257 plants
  6 starspawn tentacles (Abyss:5)
  20 tentacles
364 creatures vanquished.

Grand Total: 3294 creatures vanquished

Notes
Turn   | Place    | Note
-------+----------+-------------------------------------------
     0 | D:1      | Jerry the Vine Stalker Fighter began the quest for the Orb.
     0 | D:1      | Reached XP level 1. HP: 11/11 MP: 2/2
    43 | D:1      | Found a faded altar of an unknown god.
   148 | D:1      | Reached XP level 2. HP: 16/16 MP: 3/3
   920 | D:1      | Reached XP level 3. HP: 19/19 MP: 4/4
  1716 | D:2      | Gained mutation: Your natural rate of healing is unusually
                  | fast. [Vine Stalker growth]
  1716 | D:2      | Reached XP level 4. HP: 20/24 MP: 2/5
  2079 | D:3      | Identified the ring of Cigyostre {EV+4 Str+3 Stlth+}
  2082 | D:3      | Found an opulent altar of Gozag.
  2087 | D:3      | Found a sparkling altar of Nemelex Xobeh.
  2088 | D:3      | Found a basalt altar of Yredelemnul.
  2096 | D:3      | Found a shadowy altar of Dithmenos.
  2186 | D:3      | Identified the +9 ring mail "Heburolua" {rPois Int-2 Dex+3}
  2426 | D:3      | Found a glowing golden altar of the Shining One.
  2550 | D:4      | Reached XP level 5. HP: 26/28 MP: 4/6
  2705 | D:4      | Reached XP level 6. HP: 33/33 MP: 7/7
  2910 | D:4      | Found a sand-covered staircase.
  2924 | Ossuary  | Entered an ossuary
  2974 | Ossuary  | Reached XP level 7. HP: 37/37 MP: 8/8
  3162 | D:4      | Found Rihaxt's Armour Boutique.
  3167 | D:4      | Bought a +0 helmet of see invisible for 161 gold pieces
  3603 | D:5      | Entered Level 5 of the Dungeon
  3684 | D:5      | Noticed Edmund
  3700 | D:5      | Killed Edmund
  3734 | D:5      | Found a blossoming altar of Fedhas.
  3736 | D:5      | Found a stormy altar of Qazlal.
  3815 | D:5      | Gained mutation: You have razor-sharp teeth. [Vine Stalker
                  | growth]
  3815 | D:5      | Reached XP level 8. HP: 42/42 MP: 9/9
  3855 | D:5      | Reached skill level 5 in Shields
  3912 | D:5      | Identified the -3 pair of boots "Qoeqog" {rCorr}
  4026 | D:5      | Reached skill level 5 in Fighting
  4402 | D:6      | Reached skill level 1 in Dodging
  4420 | D:6      | Found a white marble altar of Elyvilon.
  4493 | D:6      | Reached skill level 5 in Armour
  4506 | D:6      | Noticed Sigmund
  4514 | D:6      | Reached skill level 5 in Short Blades
  4524 | D:6      | Killed Sigmund
  4763 | D:6      | Found a glowing silver altar of Zin.
  4870 | D:7      | Found a staircase to the Ecumenical Temple.
  4876 | D:7      | Reached XP level 9. HP: 48/48 MP: 10/10
  4886 | Temple   | Entered the Ecumenical Temple
  4898 | Temple   | Became a worshipper of Uskayaw the Reveller
  5009 | D:7      | Noticed Maggie
  5012 | D:7      | Reached * piety under Uskayaw
  5016 | D:7      | Reached ** piety under Uskayaw
  5019 | D:7      | Reached *** piety under Uskayaw
  5020 | D:7      | Killed Maggie
  5474 | D:7      | Reached **** piety under Uskayaw
  5717 | D:8      | Noticed Joseph
  5732 | D:8      | Reached ***** piety under Uskayaw
  5733 | D:8      | Killed Joseph
  5734 | D:8      | Reached skill level 1 in Invocations
  5776 | D:8      | Reached skill level 2 in Invocations
  5814 | D:8      | Noticed Maurice
  5978 | D:8      | Reached XP level 10. HP: 53/53 MP: 12/12
  6022 | D:8      | Killed Maurice
  6023 | D:8      | Reached skill level 3 in Invocations
  6088 | D:8      | Found an ornate altar of the Wu Jian Council.
  6089 | D:8      | Found an ancient bone altar of Kikubaaqudgha.
  6192 | D:9      | Noticed a two-headed ogre
  6201 | D:9      | Killed a two-headed ogre
  6273 | D:9      | Reached skill level 4 in Invocations
  6349 | D:9      | Reached ****** piety under Uskayaw
  6381 | D:9      | Reached skill level 5 in Invocations
  6382 | D:9      | Reached XP level 11. HP: 38/60 MP: 13/15
  6668 | D:9      | Found Talyus's Antique Armour Emporium.
  6688 | D:9      | Found a staircase to the Orcish Mines.
  6721 | D:9      | Found a snail-covered altar of Cheibriados.
  6784 | D:9      | Found a staircase to the Lair.
  7183 | D:9      | Found a burning altar of Makhleb.
  7183 | D:9      | Noticed a green death
  7499 | Lair:1   | Entered Level 1 of the Lair of Beasts
  7564 | Lair:1   | Reached skill level 6 in Invocations
  7807 | Lair:1   | Identified the +9 flail of Twilight {flame, Str+2 Int+7}
  7921 | Lair:1   | Identified the ring "Hoohiq Zeda" {+Blink AC+4 Dex+2
                  | Slay-2}
  8227 | Lair:2   | Reached skill level 7 in Invocations
  8242 | Lair:2   | Reached XP level 12. HP: 66/66 MP: 18/18
  8374 | Lair:2   | Noticed a six-headed hydra
  8382 | Lair:2   | Killed a six-headed hydra
  8589 | Lair:2   | Noticed a death yak
  8597 | Lair:2   | Noticed a death yak
  8597 | Lair:2   | Noticed a death yak
  8597 | Lair:2   | Noticed a death yak
  8598 | Lair:2   | Noticed a death yak
  8613 | Lair:2   | Killed a death yak
  8616 | Lair:2   | Killed a death yak
  8622 | Lair:2   | Killed a death yak
  8623 | Lair:2   | Reached skill level 8 in Invocations
  8624 | Lair:2   | Killed a death yak
  8628 | Lair:2   | Killed a death yak
  8629 | Lair:2   | Reached skill level 10 in Fighting
  9270 | Lair:2   | Identified the +3 leather armour "Qonanewk" {Fly}
  9321 | Lair:3   | Noticed Urug
  9334 | Lair:3   | Killed Urug
  9392 | Lair:3   | Noticed a four-headed hydra
  9408 | Lair:3   | Killed a four-headed hydra
  9474 | Lair:3   | Identified the +6 falchion of Soocli {elec, Fragile rElec
                  | rF+++ SInv}
  9497 | Lair:3   | Found a hole to the Spider Nest.
  9569 | Lair:3   | Reached skill level 10 in Short Blades
  9580 | Lair:3   | Noticed a death yak
  9603 | Lair:3   | Killed a death yak
  9609 | Lair:3   | Noticed Gastronok
  9648 | Lair:3   | Killed Gastronok
  9649 | Lair:3   | Reached XP level 13. HP: 32/72 MP: 16/20
  9732 | Lair:3   | Reached skill level 9 in Invocations
 10305 | Lair:4   | Reached skill level 10 in Armour
 10313 | Lair:4   | Found a staircase to the Shoals.
 10472 | Lair:4   | Found a transporter.
 10472 | Lair:4   | Noticed Murgh's ghost (journeyman MiBe)
 10503 | Lair:4   | Identified the +1 chain mail of the Aged Artisans {rElec
                  | rC- Dex+3}
 10542 | Lair:4   | Found a transporter.
 11235 | Lair:5   | Reached skill level 10 in Invocations
 11376 | Lair:5   | Found a transporter.
 11377 | Lair:5   | Found a transporter.
 11382 | Lair:5   | Noticed Serogusm's ghost (journeyman CeAM)
 11708 | Lair:5   | Reached XP level 14. HP: 79/79 MP: 22/22
 11930 | Lair:6   | Entered Level 6 of the Lair of Beasts
 12385 | Lair:6   | Found a staircase to the Slime Pits.
 12386 | Lair:6   | Found a viscous altar of Jiyva.
 12435 | Lair:6   | Reached skill level 11 in Invocations
 12547 | Lair:6   | Identified the -2 cloak of the Northern Lights {rF- rN+
                  | Regen+ Int+5}
 13110 | Lair:6   | Identified the +8 falchion of the Sea {vorpal, rElec rF+
                  | Int+4}
 13354 | Orc:1    | Entered Level 1 of the Orcish Mines
 13425 | Orc:1    | Found a dark tunnel.
 13430 | Volcano  | Entered a volcano
 13578 | Volcano  | Noticed an orb of fire
 13609 | Volcano  | Noticed an orb of fire
 13664 | Volcano  | Reached XP level 15. HP: 68/85 MP: 24/24
 13902 | Orc:1    | Noticed Lynix's ghost (journeyman MiBe)
 13907 | Orc:1    | Found a transporter.
 14000 | Orc:1    | Found a transporter.
 14305 | Orc:2    | Entered Level 2 of the Orcish Mines
 14413 | Orc:1    | Reached skill level 1 in Long Blades
 14564 | Orc:2    | Reached skill level 12 in Invocations
 14683 | Orc:2    | Found Ruistre's Book Emporium.
 14683 | Orc:2    | Found Suor's Armour Shop.
 14717 | Orc:2    | Bought a +1 cloak of preservation for 231 gold pieces
 14799 | Orc:2    | Found Gaug's Book Emporium.
 14803 | Orc:2    | Found Roliosee's Antique Armour Shop.
 15077 | Orc:2    | Found a staircase to the Elven Halls.
 15274 | Orc:2    | Noticed an orc warlord
 15308 | Orc:2    | Killed an orc warlord
 15366 | Orc:2    | Identified the +1 chain mail "Muiroac" {rN+ Dex+8}
 15689 | D:10     | Entered Level 10 of the Dungeon
 15954 | D:10     | Noticed Harold
 15964 | D:10     | Killed Harold
 16761 | D:11     | Found a gate leading to a gauntlet.
 16769 | Gauntlet | Entered a Gauntlet
 16769 | Gauntlet | Found a transporter.
 16769 | Gauntlet | Found a transporter.
 16771 | Gauntlet | Found a transporter.
 16771 | Gauntlet | Found a transporter.
 16785 | Gauntlet | Found a transporter.
 16791 | Gauntlet | Found a runed translucent gate.
 16791 | Gauntlet | Found a runed translucent gate.
 16791 | Gauntlet | Found a runed translucent gate.
 16793 | Gauntlet | Found a transporter.
 16797 | Gauntlet | Found a transporter.
 16808 | Gauntlet | Found a transporter.
 16821 | Gauntlet | Found a transporter.
 16844 | Gauntlet | Found a transporter.
 16845 | Gauntlet | Found a transporter.
 16861 | Gauntlet | Found a transporter.
 17105 | Gauntlet | Identified a scroll of acquirement
 17605 | D:11     | Found Gahept's Assorted Antiques.
 18087 | D:11     | Acquired a manual of Armour
 18192 | D:12     | Gained mutation: Armour fits poorly on your strangely
                  | shaped body. [a neqoxec]
 18334 | D:12     | Noticed Kirke
 18349 | D:12     | Killed Kirke
 18442 | D:12     | Noticed Fannar
 18451 | D:12     | Killed Fannar
 18715 | D:12     | Reached XP level 16. HP: 87/91 MP: 26/26
 19269 | D:13     | Found a blossoming altar of Fedhas.
 19304 | D:13     | Reached skill level 13 in Invocations
 19348 | D:13     | Reached skill level 5 in Long Blades
 19624 | D:13     | Noticed Nessos
 19644 | D:13     | Killed Nessos
 20862 | D:14     | Found a gate to the Vaults.
 21002 | D:14     | Identified the +0 pair of boots "Ezuamm" {rN+ Str+7}
 21010 | D:14     | Found an ancient bone altar of Kikubaaqudgha.
 21281 | D:14     | Found the +3 warlock's mirror {reflect}
 21605 | D:15     | Entered Level 15 of the Dungeon
 21807 | D:15     | Found a runed translucent gate.
 21807 | D:15     | Found a runed translucent gate.
 21909 | D:15     | Found a runed translucent gate.
 21914 | D:15     | Noticed Ichoitic's ghost (weakling FoDe)
 22041 | D:15     | Identified the +6 scale mail "Lausa" {Dex+6 Slay+6}
 22241 | D:15     | Found a staircase to the Depths.
 22255 | D:15     | Reached skill level 14 in Invocations
 22420 | D:15     | Reached XP level 17. HP: 89/98 MP: 24/28
 22644 | D:15     | Killed Ichoitic's ghost
 22974 | Spider:1 | Entered Level 1 of the Spider Nest
 23948 | Spider:2 | Noticed Frances
 24058 | Spider:1 | Killed Frances
 24108 | Spider:2 | Reached skill level 15 in Armour
 24480 | Spider:2 | Found a runed translucent door.
 24481 | Spider:2 | Noticed Rod Caur's ghost (adept HOFi)
 24504 | Spider:2 | Killed Rod Caur's ghost
 24509 | Spider:2 | Identified the amulet of Derae {Reflect Int+3 SH+5}
 24947 | Spider:3 | Reached skill level 15 in Fighting
 25072 | Spider:3 | Identified the +2 chain mail "Vulojis" {-Tele rC+ rCorr
                  | Dex+4}
 25537 | Spider:4 | Entered Level 4 of the Spider Nest
 25630 | Spider:4 | Reached skill level 15 in Invocations
 25875 | Spider:4 | Reached XP level 18. HP: 93/104 MP: 30/30
 26855 | Spider:4 | Found the +0 mask of the Dragon {Will+ Slay+3 SInv}
 26869 | Spider:4 | Got a gossamer rune of Zot
 27016 | Spider:4 | Lost mutation: Armour fits poorly on your strangely shaped
                  | body. [potion of mutation]
 27016 | Spider:4 | Gained mutation: You are weak. (Str -2) [potion of
                  | mutation]
 27016 | Spider:4 | Gained mutation: Your mind is acute. (Int +2) [potion of
                  | mutation]
 27218 | Shoals:1 | Entered Level 1 of the Shoals
 27277 | Shoals:1 | Found a runed translucent door.
 27277 | Shoals:1 | Noticed Lemuel's ghost (journeyman MiFi)
 27591 | Depths:1 | Entered Level 1 of the Depths
 27591 | Depths:1 | Noticed Mara
 27650 | Depths:1 | Noticed Jerry's illusion
 27694 | Depths:1 | Noticed Jerry's illusion
 27708 | Depths:1 | Reached skill level 10 in Long Blades
 27807 | Depths:1 | Noticed Jerry's illusion
 27872 | Depths:1 | Noticed Jerry's illusion
 27883 | D:15     | Killed Mara
 27957 | Depths:1 | Found Duppal's Weapon Shop.
 27959 | Depths:1 | Found Jeut's Magic Scroll Boutique.
 27961 | Depths:1 | Found Nuceuth's General Store.
 27975 | Depths:1 | Bought a scroll of teleportation for 54 gold pieces
 27975 | Depths:1 | Bought a scroll of teleportation for 54 gold pieces
 27975 | Depths:1 | Bought a scroll of teleportation for 54 gold pieces
 28011 | Depths:1 | Found a one-way gate to the infinite horrors of the Abyss.
 28027 | Depths:1 | Found a gateway to Hell.
 28074 | Depths:1 | Noticed Louise
 28086 | Depths:1 | Killed Louise
 28116 | Depths:1 | Noticed a quicksilver dragon
 28129 | Depths:1 | Killed a quicksilver dragon
 28244 | Depths:1 | Noticed Bai Suzhen
 28282 | Depths:1 | Killed Bai Suzhen
 28419 | Depths:1 | Reached skill level 16 in Invocations
 28517 | Depths:1 | Found a stormy altar of Qazlal.
 28846 | Depths:1 | Found a sacrificial altar of Ru.
 28867 | Depths:1 | Reached skill level 5 in Dodging
 29093 | Depths:2 | Reached XP level 19. HP: 108/108 MP: 32/32
 29196 | Depths:2 | Found Detulam's Assorted Antiques.
 29222 | Depths:2 | Found Dafykk's Assorted Antiques.
 29222 | Depths:2 | Found Yfikim's Magic Scroll Boutique.
 29441 | Depths:2 | Found Laenarph's Magic Scroll Boutique.
 29449 | Depths:2 | Bought a scroll of blinking for 120 gold pieces
 29478 | Depths:2 | Bought an embroidered cloak for 202 gold pieces
 29478 | Depths:2 | Bought a pearl-encrusted plate armour for 756 gold pieces
 29478 | Depths:2 | Identified the +2 plate armour of Egalitarianism {*Slow
                  | rPois rC+++ Int-4} (You bought it in a shop on level 2 of
                  | the Depths)
 29657 | Depths:2 | Noticed the Enchantress
 30258 | Depths:2 | You fall into a shaft and drop 2 floors!
 30258 | Depths:4 | Entered Level 4 of the Depths
 30297 | Depths:4 | Noticed a juggernaut
 30310 | Depths:4 | Killed a juggernaut
 30379 | Depths:4 | Noticed Sojobo
 30404 | Depths:4 | Killed Sojobo
 30560 | Depths:4 | Noticed a caustic shrike
 30560 | Depths:4 | Noticed a caustic shrike
 30560 | Depths:4 | Noticed a caustic shrike
 30567 | Depths:4 | Killed a caustic shrike
 30570 | Depths:4 | Killed a caustic shrike
 30572 | Depths:4 | Killed a caustic shrike
 30588 | Depths:4 | Found a one-way gateway to a ziggurat.
 30639 | Depths:4 | Noticed a golden dragon
 30652 | Depths:4 | Killed a golden dragon
 30653 | Depths:4 | Reached skill level 17 in Invocations
 30653 | Depths:4 | Reached XP level 20. HP: 31/114 MP: 33/33
 30791 | Depths:3 | Found Zenlopa's Island Escapes.
 31205 | Depths:2 | Noticed a juggernaut
 31219 | Depths:2 | Killed a juggernaut
 31254 | Depths:2 | Killed the Enchantress
 31607 | Depths:2 | Found a one-way gate leading to the halls of Pandemonium.
 32263 | Depths:3 | Noticed Saint Roka
 32332 | Depths:3 | Killed Saint Roka
 32454 | Depths:3 | Found an ancient bone altar of Kikubaaqudgha.
 32562 | Depths:3 | Found a portal to a secret trove of treasure.
 33309 | Depths:3 | You paid a toll of 6 scrolls of fear to enter a treasure
                  | trove
 33310 | Trove    | Entered a treasure trove
 33322 | Trove    | Identified the +5 double sword "Jerry's Bane" {vorpal, rC-
                  | Str+2 Dex+6}
 33327 | Trove    | Identified the +8 rapier of Jeptih {speed, Will+}
 33330 | Trove    | Identified the +7 dagger of Uskayaw's Displeasure {elec,
                  | rF+ Str+6}
 33331 | Trove    | Identified the +0 rapier "Ukeitauh" {vorpal, rPois SInv}
 33333 | Trove    | Identified the +1 scimitar "Gauph" {flame, rC+ Str+4 SInv}
 33509 | Depths:3 | Noticed a hellephant
 33509 | Depths:3 | Noticed a hellephant
 33522 | Depths:3 | Killed a hellephant
 33540 | Depths:3 | Killed a hellephant
 33611 | Depths:3 | Noticed a juggernaut
 33633 | Depths:3 | Killed a juggernaut
 33969 | Depths:3 | Reached XP level 21. HP: 104/120 MP: 34/34
 34234 | Depths:3 | Noticed a caustic shrike
 34234 | Depths:3 | Noticed a golden dragon
 34243 | Depths:3 | Killed a caustic shrike
 34250 | Depths:3 | Killed a golden dragon
 34678 | Depths:3 | Found the +3 crown of Dyrovepreva {rElec Int+2 SInv}
 34684 | Depths:3 | Identified the ring "Inuibeit" {Wiz Int+4}
 34687 | Depths:3 | Identified the ring "Qenloec" {Str+3 Dex+6}
 34693 | Depths:3 | Got Hyinauwu's Tome of Poisoning and Confrontation
 34695 | Depths:3 | Identified the +6 spear "Giugh" {antimagic, rN+ Dex+7}
 35025 | Depths:3 | Bought a scroll of teleportation for 66 gold pieces
 35025 | Depths:3 | Bought a scroll of blinking for 165 gold pieces
 35025 | Depths:3 | Bought a ring of flight for 385 gold pieces
 35723 | D:9      | Bought a shiny plate armour for 598 gold pieces
 35875 | D:4      | Bought a +3 plate armour of fire resistance for 630 gold
                  | pieces
 36149 | Shoals:1 | Found Ropp's Distillery.
 36189 | Shoals:1 | Reached skill level 18 in Invocations
 37402 | Shoals:1 | Killed Lemuel's ghost
 37406 | Shoals:1 | Identified the +8 broad axe of the Sage {vorpal, Drain
                  | rF+++ Str-4 SInv}
 37416 | Shoals:1 | Acquired 813 gold pieces
 37420 | Shoals:1 | Acquired a manual of Shields
 37913 | Shoals:2 | Found Deotusa's Antique Weapon Shoppe.
 37968 | Shoals:2 | Found Ucsatz's General Store.
 39118 | Shoals:4 | Entered Level 4 of the Shoals
 39152 | Shoals:4 | Found Sainoel's One-of-a-Kind Rings.
 39440 | Shoals:4 | Noticed Aizul
 39653 | Shoals:4 | Killed Aizul
 39669 | Shoals:4 | Reached XP level 22. HP: 124/127 MP: 34/36
 40109 | Shoals:4 | Bought the ring "Hytecoym" {rElec rC+ AC+4 Int+3} for 696
                  | gold pieces
 40367 | Shoals:4 | Identified the +6 spear of Royalism {flame, rN+ SInv}
 40554 | Shoals:4 | Got a barnacled rune of Zot
 40588 | Shoals:4 | Noticed Mlioglotl
 40649 | Shoals:4 | Noticed Polyphemus
 40666 | Shoals:4 | Killed Polyphemus
 40776 | Shoals:4 | Killed Mlioglotl
 41204 | Vaults:1 | Entered Level 1 of the Vaults
 41326 | Vaults:1 | Found Rolaah's Armour Shop.
 41668 | Vaults:1 | Identified the +4 arbalest "Faraizar" {speed, rF+++ rC-
                  | Str+6 Dex-2}
 41935 | Vaults:1 | Reached skill level 10 in Dodging
 42825 | Vaults:2 | Found Mexaptih's Antique Armour Shop.
 42848 | Vaults:2 | Found Daunicid's Antique Armour Boutique.
 43182 | Vaults:2 | Found Sidwuf's Assorted Antiques.
 43589 | Vaults:2 | Found a staircase to the Crypt.
 43842 | Vaults:3 | Reached skill level 19 in Invocations
 43855 | Vaults:3 | Reached XP level 23. HP: 118/132 MP: 37/37
 43971 | Vaults:3 | Reached skill level 10 in Shields
 44067 | Vaults:3 | Found Pogil's General Store.
 44253 | Vaults:3 | Found Seitydaw's Book Shop.
 44305 | Vaults:3 | Identified the +1 scale mail of Relativism {-Tele Regen+
                  | Str+6}
 44698 | Vaults:3 | Found Walismio's Assorted Antiques.
 45181 | Vaults:4 | Gained mutation: Your body sometimes deteriorates upon
                  | taking damage. [a neqoxec]
 45600 | Vaults:4 | Reached skill level 15 in Long Blades
 45896 | Vaults:4 | Found Ammoodgh's Distillery.
 46217 | Vaults:4 | Reached XP level 24. HP: 89/138 MP: 37/37
 46576 | Depths:4 | Noticed Boris
 46596 | Depths:3 | Killed Boris
 46953 | Depths:4 | Noticed a juggernaut
 46976 | Depths:4 | Killed a juggernaut
 47054 | Depths:4 | HP: 3/139 [red draconian scorcher/damnation (22)]
 47663 | Depths:4 | Found a gate to the Realm of Zot.
 48035 | Crypt:1  | Entered Level 1 of the Crypt
 48254 | Crypt:1  | Reached skill level 20 in Invocations
 49196 | Crypt:2  | Found a basalt altar of Yredelemnul.
 49812 | Crypt:3  | Entered Level 3 of the Crypt
 49854 | Crypt:2  | Found an ancient bone altar of Kikubaaqudgha.
 49965 | Crypt:3  | Reached XP level 25. HP: 136/144 MP: 37/38
 50131 | Crypt:3  | Noticed an ancient lich
 50152 | Crypt:3  | Killed an ancient lich
 50171 | Crypt:3  | Found a basalt altar of Yredelemnul.
 50212 | Crypt:3  | Identified the ring "Buxkeino" {rN+ Str+5}
 50486 | Crypt:3  | Found a staircase to the Tomb.
 50732 | Crypt:3  | Found the +9 sword of Zonguldrok {reap}
 51670 | Vaults:2 | Bought the +18 shield of the Gong {rElec rN+ Will+ EV-5}
                  | for 3113 gold pieces
 51670 | Vaults:2 | Found the +18 shield of the Gong {rElec rN+ Will+ EV-5}
 51774 | Vaults:5 | Entered Level 5 of the Vaults
 51836 | Vaults:5 | Noticed Boris
 51853 | Vaults:5 | Noticed a dread lich
 51864 | Vaults:5 | Killed Boris
 51876 | Vaults:5 | Killed a dread lich
 51880 | Vaults:5 | Reached skill level 21 in Invocations
 52235 | Vaults:5 | Noticed an ancient lich
 52254 | Vaults:5 | Killed an ancient lich
 52324 | Vaults:5 | Reached XP level 26. HP: 129/151 MP: 38/38
 52674 | Vaults:5 | Found the ring of the Octopus King {rCorr AC+1 EV+1 Str+1
                  | Int+1 Dex+1}
 52681 | Vaults:5 | Cast into level 3 of the Abyss (tengu reaver)
 52837 | Abyss:3  | Gained mutation: You are very weak. (Str -4) [a neqoxec]
 52861 | Vaults:5 | Escaped the Abyss
 53069 | Vaults:5 | Identified the ring of Wuesiatu {rElec Dex-5 Slay+2 SInv}
 53116 | Vaults:5 | Got a silver rune of Zot
 53215 | Vaults:5 | Noticed an ancient lich
 53230 | Vaults:5 | Killed an ancient lich
 53837 | Vaults:4 | Learned a level 6 spell: Statue Form
 54013 | Hell     | Entered the Vestibule of Hell
 54013 | Hell     | Noticed Geryon
 54241 | Depths:1 | Reached skill level 1 in Spellcasting
 54246 | Depths:1 | Reached skill level 1 in Transmutations
 54254 | Depths:1 | Reached skill level 1 in Earth Magic
 54600 | Zot:1    | Entered Level 1 of the Realm of Zot
 54640 | Zot:1    | Noticed an orb of fire
 54646 | Zot:1    | Gained mutation: Your magical capacity is low. (-10% MP)
                  | [an orb of fire]
 54766 | Zot:1    | Gained mutation: You are clumsy. (Dex -2) [an orb of fire]
 54771 | Zot:1    | Gained mutation: Your body often deteriorates upon taking
                  | damage. [an orb of fire]
 54789 | Depths:4 | Gained mutation: You occasionally shout uncontrollably at
                  | your foes. [an orb of fire]
 54791 | Depths:4 | Killed an orb of fire
 55570 | Zot:2    | Reached skill level 22 in Invocations
 55816 | Zot:2    | Reached XP level 27. HP: 151/156 MP: 35/35
 56723 | Zot:2    | Lost mutation: You are clumsy. (Dex -2) [potion of
                  | mutation]
 56723 | Zot:2    | Lost mutation: Your body often deteriorates upon taking
                  | damage. [potion of mutation]
 56723 | Zot:2    | Lost mutation: Your mind is acute. (Int +2) [potion of
                  | mutation]
 56723 | Zot:2    | Lost mutation: Your magical capacity is low. (-10% MP)
                  | [potion of mutation]
 56723 | Zot:2    | Gained mutation: You have a pair of small antennae on your
                  | head. [potion of mutation]
 56723 | Zot:2    | Gained mutation: You expend magic power (3 MP) to
                  | strengthen your wands. [potion of mutation]
 56724 | Zot:2    | Lost mutation: You have a pair of small antennae on your
                  | head. [potion of mutation]
 56724 | Zot:2    | Lost mutation: You expend magic power (3 MP) to strengthen
                  | your wands. [potion of mutation]
 56724 | Zot:2    | Lost mutation: You are very weak. (Str -4) [potion of
                  | mutation]
 56724 | Zot:2    | Lost mutation: Your body sometimes deteriorates upon taking
                  | damage. [potion of mutation]
 56724 | Zot:2    | Gained mutation: You sometimes lose the ability to read
                  | scrolls when taking damage. [potion of mutation]
 56724 | Zot:2    | Gained mutation: Your flesh is cold resistant. (rC+)
                  | [potion of mutation]
 56725 | Zot:2    | Lost mutation: You are weak. (Str -2) [potion of mutation]
 56725 | Zot:2    | Lost mutation: Your flesh is cold resistant. (rC+) [potion
                  | of mutation]
 56725 | Zot:2    | Lost mutation: You sometimes lose the ability to read
                  | scrolls when taking damage. [potion of mutation]
 56725 | Zot:2    | Gained mutation: You are frail. (-10% HP) [potion of
                  | mutation]
 56725 | Zot:2    | Gained mutation: You have large cloven feet. [potion of
                  | mutation]
 56725 | Zot:2    | Gained mutation: Your system is resistant to poisons.
                  | (rPois) [potion of mutation]
 56725 | Zot:2    | Gained mutation: You expend magic power (3 MP) to
                  | strengthen your wands. [potion of mutation]
 56805 | Zot:3    | Reached skill level 5 in Earth Magic
 57038 | Zot:3    | Reached skill level 5 in Spellcasting
 57038 | Zot:3    | Reached skill level 5 in Transmutations
 58496 | Zot:4    | Noticed an orb of fire
 58504 | Zot:4    | Killed an orb of fire
 59091 | Zot:4    | Got the Disquisition on Shifting Stolen Souls
 59356 | Zot:5    | Entered Level 5 of the Realm of Zot
 60123 | Zot:5    | Noticed an orb of fire
 60134 | Zot:5    | Gained mutation: You have hidden genetic defects. [an orb
                  | of fire]
 60145 | Zot:5    | Killed an orb of fire
 60152 | Zot:5    | Lost mutation: Your system is resistant to poisons. (rPois)
                  | [potion of mutation]
 60152 | Zot:5    | Lost mutation: You occasionally shout uncontrollably at
                  | your foes. [potion of mutation]
 60608 | Shoals:1 | Bought 2 potions of mutation for 160 gold pieces
 60609 | Shoals:1 | Lost mutation: You are frail. (-10% HP) [potion of
                  | mutation]
 60609 | Shoals:1 | Lost mutation: You expend magic power (3 MP) to strengthen
                  | your wands. [potion of mutation]
 60609 | Shoals:1 | Lost mutation: You have large cloven feet. [potion of
                  | mutation]
 60609 | Shoals:1 | Gained mutation: You are clumsy. (Dex -2) [potion of
                  | mutation]
 60609 | Shoals:1 | Gained mutation: Your spells are a little easier to cast,
                  | but a little less powerful. [potion of mutation]
 60609 | Shoals:1 | Gained mutation: You have large cloven feet. [potion of
                  | mutation]
 60609 | Shoals:1 | Gained mutation: Your muscles are strong. (Str +2) [potion
                  | of mutation]
 60610 | Shoals:1 | Lost mutation: Your spells are a little easier to cast, but
                  | a little less powerful. [potion of mutation]
 60610 | Shoals:1 | Lost mutation: You have large cloven feet. [potion of
                  | mutation]
 60610 | Shoals:1 | Lost mutation: You have hidden genetic defects. [potion of
                  | mutation]
 60610 | Shoals:1 | Gained mutation: You are somewhat resistant to further
                  | mutation. [potion of mutation]
 61395 | Zot:5    | Noticed an orb of fire
 61409 | Zot:5    | Killed an orb of fire
 61433 | Zot:5    | Noticed a dread lich
 61434 | Zot:5    | Noticed an orb of fire
 61435 | Zot:5    | Gained mutation: Your body sometimes deteriorates upon
                  | taking damage. [an orb of fire]
 61457 | Zot:5    | Killed a dread lich
 61461 | Zot:5    | Killed an orb of fire
 62000 | Elf:1    | Entered Level 1 of the Elven Halls
 62004 | Elf:1    | Paralysed by an air elemental for 1 turns
 62039 | Elf:1    | Noticed Asterion
 62059 | Elf:1    | Killed Asterion
 62060 | Elf:1    | Reached skill level 23 in Invocations
 62155 | Elf:1    | Found a runed translucent gate.
 62155 | Elf:1    | Found a runed translucent gate.
 62155 | Elf:1    | Found a runed translucent gate.
 62176 | Elf:1    | Identified the +1 plate armour of the Slightly Bent {rN++
                  | Str-5}
 62312 | Elf:1    | Noticed Roxanne
 62331 | Elf:1    | Killed Roxanne
 62535 | Elf:1    | Found a flickering gateway to a bazaar.
 62555 | Bazaar   | Entered a bazaar
 62567 | Bazaar   | Found Ujeekuty's Jewellery Shop.
 62595 | Bazaar   | Found Pevemu's General Store.
 62623 | Bazaar   | Found Hel Bazinot's General Store.
 62631 | Bazaar   | Bought a scroll of enchant armour for 82 gold pieces
 62631 | Bazaar   | Bought 2 potions of curing for 66 gold pieces
 62631 | Bazaar   | Bought a potion of cancellation for 88 gold pieces
 62631 | Bazaar   | Bought a potion of cancellation for 88 gold pieces
 62637 | Bazaar   | Found Wereishra's Distillery.
 62641 | Bazaar   | Bought a potion of curing for 48 gold pieces
 62641 | Bazaar   | Bought a potion of curing for 48 gold pieces
 62652 | Bazaar   | Found Acoxua's General Store.
 62660 | Bazaar   | Bought 2 scrolls of teleportation for 54 gold pieces
 62660 | Bazaar   | Bought a scroll of blinking for 67 gold pieces
 63399 | Elf:2    | Found a radiant altar of Vehumet.
 63557 | Elf:2    | Identified the +5 hand axe "Demonbane" {flame, rC++}
 63588 | Elf:2    | Found a runed translucent gate.
 63589 | Elf:2    | Found a runed translucent gate.
 63589 | Elf:2    | Found a runed translucent gate.
 63740 | Elf:2    | Identified the +3 leather armour "Geabio" {rPois rC-
                  | Will+++ Str-4}
 64404 | Elf:3    | Entered Level 3 of the Elven Halls
 64407 | Elf:3    | Found the +2 shield of Resistance {rF++ rC++ Will++}
 64622 | Elf:3    | Found Zuocw's Antique Armour Boutique.
 65114 | Elf:3    | Reached skill level 10 in Earth Magic
 65114 | Elf:3    | Identified the +10 whip of Icyara Butuf {vorpal, Fly rPois
                  | rN+}
 65141 | Elf:3    | Identified the +1 war axe "Geogevvarr" {vorpal, *Noise
                  | rElec rC+++ Dex+5}
 65294 | Elf:3    | Identified the +0 robe "Ygiana" {rElec rCorr}
 65301 | Elf:3    | Identified the amulet "Ysetuu" {Reflect *Slow rC+++ MP+9
                  | SH+5}
 65326 | Elf:3    | Found the macabre finger necklace {rN+}
 65371 | Elf:3    | Identified the ring "Tody" {Drain rElec rPois AC+4}
 65978 | Depths:4 | Reached skill level 10 in Transmutations
 66010 | Depths:4 | Reached skill level 10 in Spellcasting
 66745 | Hell     | Killed Geryon
 66787 | Hell     | Found a gateway to the decaying netherworld of Tartarus.
 66884 | Hell     | Found a gateway to the ashen valley of Gehenna.
 66988 | Hell     | Found a gateway to the Iron City of Dis.
 67043 | Hell     | Found a gateway to the freezing wastes of Cocytus.
 68415 | Zot:5    | Noticed an ancient lich
 68433 | Zot:5    | Killed an ancient lich
 68988 | Zot:5    | Noticed an orb of fire
 69010 | Zot:5    | Killed an orb of fire
 72669 | Depths:1 | Voluntarily entered the Abyss.
 72956 | Abyss:4  | Found a corrupted altar of Lugonu.
 72960 | Abyss:5  | Entered Level 5 of the Abyss
 72982 | Abyss:5  | Found a corrupted altar of Lugonu.
 73172 | Abyss:5  | Found a corrupted altar of Lugonu.
 73188 | Abyss:5  | Got an abyssal rune of Zot
 73208 | Depths:1 | Escaped the Abyss
 73639 | Slime:1  | Entered Level 1 of the Pits of Slime
 74417 | Slime:2  | Reached skill level 24 in Invocations
 75163 | Slime:5  | Entered Level 5 of the Pits of Slime
 75282 | Slime:5  | Gained mutation: You have a pair of small horns on your
                  | head. [a shining eye]
 75992 | Lair:4   | Killed Murgh's ghost
 76480 | Vaults:4 | Bought a potion of curing for 42 gold pieces
 76480 | Vaults:4 | Bought a potion of invisibility for 112 gold pieces
 76480 | Vaults:4 | Bought a potion of haste for 140 gold pieces
 76480 | Vaults:4 | Bought a potion of ambrosia for 112 gold pieces
 76919 | Slime:5  | Found a viscous altar of Jiyva.
 76920 | Slime:5  | Noticed the Royal Jelly
 76934 | Slime:5  | Killed the Royal Jelly
 76977 | Slime:5  | Found the +4 moon troll leather armour {Spirit, Regen++
                  | MP+5}
 76992 | Slime:5  | Identified the ring of Mirth {rElec rPois rF+ Str+3 Dex+2}
 76995 | Slime:5  | Got a slimy rune of Zot
 77015 | Slime:5  | Identified the +4 war axe "Rumpara" {drain, rPois Will+
                  | rCorr Dex+3}
 77031 | Slime:5  | Identified the +1 chain mail of the Untouchables {rC+}
 77566 | Geh:1    | Entered Level 1 of Gehenna
 78335 | Geh:2    | Learned a level 4 spell: Petrify
 78338 | Geh:2    | Learned a level 2 spell: Passwall
 79305 | Geh:6    | Reached skill level 15 in Earth Magic
 79579 | Geh:7    | Entered Level 7 of Gehenna
 79842 | Geh:7    | Learned a level 2 spell: Wereblood
 80043 | Hell     | Learned a level 1 spell: Sandblast
 80184 | Depths:1 | Bought 25 stones for 35 gold pieces
 80881 | Geh:7    | Reached skill level 25 in Invocations
 80899 | Geh:7    | HP: 5/136 [searing wretch (4)]
 80900 | Geh:7    | Slain by a searing wretch

Illustrated notes

Levels and vault maps discovered:
D:1:      giann_horns, layout_loops_cross, shapermc_ecumenical_altar_venn,
          minmay_misc_feat_ornament, minmay_misc_feat_enclosed
D:2:      layout_loops_ring, st_stairs_1
D:3:      layout_basic, grunt_temple_overflow_open, tso_altar
D:4:      cheibrodos_helix_gallery, layout_layer_cave, enter_ossuary_4,
          serial_shops, shop, hangedman_decor_opposing
D:5:      layout_loops_ring, grunt_temple_overflow_forces_of_nature, uniq_edmund
D:6:      layout_basic, mainiacjoe_overflow_six_doors_small,
          mainiacjoe_overflow_alcove_1, uniq_sigmund
D:7:      layout_loops_cross, minmay_temple_entry_grid, minmay_strange_pillars,
          kennysheep_opposing_triangles, uniq_maggie
D:8:      layout_cave_pools, gammafunk_temple_overflow_pools,
          minmay_misc_feat_columns, uniq_maurice, uniq_joseph
D:9:      cheibrodos_frozen_isle, layout_basic, makhleb_altar_promises_db,
          old_standard_altar, due_lair_maze_entry_diamond, serial_shops,
          nicolae_shop_crystal
D:10:     layout_basic, minmay_misc_feat_tower, uniq_harold
D:11:     layout_grid_maze, gauntlet_entry_generic, serial_shops,
          nicolae_take_the_stairs
D:12:     layout_stronghold, uniq_fannar, uniq_kirke
D:13:     layout_roguey, fedhas_altar_2, uniq_nessos
D:14:     minmay_smoke_and_mirrors, layout_gridville,
          hangedman_vaults_entry_quadrant_bands, minivault_14,
          minmay_hedge_maze, nicolae_kikubaaqudgha_miasma_corner
D:15:     grunt_enter_depths_snipers, layout_cave_pods,
          hangedman_abyss_or_decor_lesser_grid, gammafunk_ghost_necromancy
Temple:   compressed_dpeg_triangle_lava_temple
Lair:1:   layout_long_grid
Lair:2:   layout_cave_pods, grunt_megastairs_5
Lair:3:   layout_gridlike, spider_nest_entry_a, uniq_urug, uniq_gastronok
Lair:4:   layout_cave_pods, elwin_shoals_entry_stream,
          gammafunk_ghost_abyssal_escape, dpeg_oklob_1
Lair:5:   layout_long_grid, gammafunk_ghost_hive, serial_bayou_shore_a
Lair:6:   evilmike_catoblepas_cave, layout_loops_ring, slime_altar_1
Shoals:1: layout_shoals, serial_shops, nicolae_shop_statue_plus,
          gammafunk_ghost_grave
Shoals:2: layout_shoals, serial_shops, shop, shop,
          nicolae_shoals_kraken_intersection
Shoals:3: layout_shoals
Shoals:4: shoals_end_grunt_garden, layout_shoals, nicolae_shop_unique_rings,
          uniq_polyphemus, uniq_aizul, uniq_mlioglotl
Spider:1: layout_spider_delve, hangedman_spider_mandibles
Spider:2: layout_spider_delve, ebering_ghost_reflecting_pool, uniq_frances
Spider:3: layout_spider_delve
Spider:4: hellmonk_spider_rune_endless_swarm, drop_trap,
          nicolae_spider_bug_shape
Slime:1:  layout_caves, cheibrodos_slime_lost_civilization_5
Slime:2:  layout_caves
Slime:3:  layout_caves
Slime:4:  layout_caves, cheibrodos_slime_lost_civilization_6
Slime:5
Orc:1:    layout_caves, basic_altar, nicolae_volcano_entry_s_turn,
          gammafunk_ghost_arena, lightli_orcish_oven
Orc:2:    st_orc_town, layout_caves, elf_legates
Elf:1:    layout_gridlike, serial_shops, bzr_entry_dummy,
          hangedman_elven_crosses_minicolossus,
          nicolae_gammafunk_elf_defective_weapons_storage, uniq_asterion,
          uniq_roxanne
Elf:2:    nicolae_elf_blades_crystal_corner, layout_loops_corners,
          lemuel_statue_altar, corexii_hall_statues_x, nicolae_fountain_basement
Elf:3:    minmay_elf_hall, layout_geoelf_octagon, serial_shops, shop,
          grunt_megastairs_3
Vaults:1: v_misc_29, ontoclasm_vaults_shuriken,
          vaults_room_grunt_arrival_checkpoint, ontoclasm_vaults_tryst,
          hangedman_vaults_slice, nicolae_vaults_network_periphery,
          v_alt_pattern_5, nicolae_vaults_yaktaur_gun_rack, v_misc_13,
          layout_vaults_big_room, serial_shops, shop_statue
Vaults:2: v_rooms_4, minmay_crypt_entry_simple_sparse, ontoclasm_vaults_chip,
          vaults_dpeg_encased_lava, ontoclasm_vaults_decontamination,
          v_alt_pattern_6, layout_vaults_omnigrid, serial_shops,
          nicolae_shop_hallway_plus, shop_fountains, nicolae_shop_stone
Vaults:3: nicolae_vaults_mini_display_case, v_misc_19, grunt_vaults_focal,
          hangedman_vaults_nodes, v_misc_4, hangedman_vaults_river_flow,
          hangedman_vaults_stretched_pinwheel, vaults_room_stairs_pillars,
          v_misc_12, vaults_dpeg_diagonal, hangedman_vaults_maws,
          vaults_room_semicircle, vaults_room_mumra_shop_pool, st_lines,
          layout_vaults_omnicross, serial_shops, shop_fountains, shop
Vaults:4: v_misc_3, ontoclasm_vaults_fault, nicolae_vaults_statue_guard,
          nicolae_vaults_little_squares_5, v_misc_9, nicolae_vaults_theta,
          hangedman_vaults_nails, vaults_room_stairs_pillars,
          hangedman_vaults_pinch, vaults_room_semicircle, vaults_room_corners,
          vaults_mumra_hexcomb, vaults_dpeg_spiral, nicolae_vaults_little_ls,
          layout_vaults_omnibox, serial_shops, shop
Vaults:5
Crypt:1:  layout_chaotic_city, grunt_crypt_arrival_split
Crypt:2:  layout_gridlike, weyrava_vampire_temple, grunt_megastairs_2,
          roderic_lattice_octagonal_star, lemuel_upstairs_altar, lemuel_elevator
Crypt:3:  cryptofortress_bobbens, uniq_margery
Depths:1: layout_gridlike, pf_hell_entry_tar_river,
          nicolae_abyss_entry_one_way_or_another,
          nicolae_qazlal_style_of_elements, nicolae_ru_sacrificial_ziggurat,
          minmay_shop_star, uniq_bai_suzhen, uniq_mara
Depths:2: minmay_quarter_circles, layout_basic, hell_entry, pan_entry,
          minmay_shoptagon, infiniplex_staircase_pool_2, uniq_enchantress
Depths:3: little_maze_vault, layout_cave_shapes, enter_trove_6,
          abyss_entry_glasseish, kennysheep_flooded_box, grunt_hell_horde,
          nicolae_island_escapes, infiniplex_staircase_trident, uniq_saint_roka
Depths:4: grunt_runaround [grunt_runaround_doors_1, grunt_runaround_doors_2,
          grunt_runaround_doors_3, grunt_runaround_doors_4,
          grunt_runaround_zot], hell_entry, uniq_boris, uniq_sojobo
Hell
Geh:1:    layout_gehenna_lava_caves
Geh:2:    nicolae_hells_giants_party, layout_gehenna_pools_box
Geh:3:    layout_gehenna_lava_caves
Geh:4:    layout_gehenna_lava_caves, nicolae_geh_single_fiery_grave
Geh:5:    layout_gehenna_lava_caves
Geh:6:    layout_gehenna_lava_caves
Geh:7:    geh_grunt_pentagon
Zot:1:    layout_gridville
Zot:2:    lemuel_draconian_sentries_small, layout_basic
Zot:3:    layout_onion_interference, grunt_megastairs_1
Zot:4:    layout_basic
Zot:5:    layout_gridlike

Skill      XL: |  1  2  3  4  5  6  7  8  9 10 11 12 13 14 15 16 17 18 19 20 21 22 23 24 25 26 27 |
---------------+----------------------------------------------------------------------------------+-----
Short Blades   | 2 3 4 5 6 7 8 10 11 12 | 12.3
Shields        | 3 4 5 7 9 11 12 | 12.9
Fighting       | 3 4 5 6 8 9 10 11 12 13 14 15 16 17 18 19 20 | 20.1
Armour         | 3 4 5 6 7 8 9 10 11 12 14 15 16 17 18 19 20 23 | 23.1
Dodging        | 2 3 5 6 8 9 10 11 12 13 14 | 14.0
Invocations    | 2 5 7 8 10 11 12 14 15 16 17 18 19 20 21 22 25 | 25.0
Long Blades    | 4 7 9 10 11 12 13 14 15 16 19 | 19.7
Spellcasting   | 4 10 | 10.3
Transmutations | 4 14 | 14.5
Earth Magic    | 4 15 | 15.8

Action                   |  1- 3 |  4- 6 |  7- 9 | 10-12 | 13-15 | 16-18 | 19-21 | 22-24 | 25-27 || total
-------------------------+-------+-------+-------+-------+-------+-------+-------+-------+-------++-------
Melee: Rapier            |   110 |   135 |    53 |       |   345 |       |   590 |  1983 |  3627 ||  6843
       Bite              |    24 |    38 |    70 |   142 |   409 |   611 |   704 |  1105 |  2222 ||  5325
       Short sword       |       |       |   161 |   401 |    52 |       |       |       |       ||   614
       Falchion          |       |       |       |       |   540 |  1248 |   796 |       |       ||  2584
       Demon blade       |       |       |       |       |       |       |       |       |   230 ||   230
       Headbutt          |       |       |       |       |       |       |       |       |   256 ||   256
Throw: Dart              |       |       |       |       |     5 |     2 |       |       |       ||     7
       Throwing net      |       |       |       |       |     1 |     3 |       |       |       ||     4
       Javelin           |       |       |       |       |       |       |       |       |    20 ||    20
 Cast: Sandblast         |       |       |       |       |       |       |       |       |    13 ||    13
       Petrify           |       |       |       |       |       |       |       |       |     2 ||     2
       Wereblood         |       |       |       |       |       |       |       |       |     1 ||     1
Invok: Line Pass         |       |       |       |       |       |     3 |       |       |       ||     3
       Grand Finale      |       |       |       |       |       |       |     1 |       |       ||     1
Evoke: Wand              |       |       |       |       |       |       |       |       |     3 ||     3
  Use: Scroll            |     1 |       |     5 |       |    25 |     5 |     8 |     8 |    14 ||    66
       Potion            |       |       |       |       |     1 |     4 |     6 |       |    32 ||    43
 Stab: Sleeping          |       |     5 |     5 |     2 |     5 |     3 |       |       |       ||    20
       Paralysed         |       |       |     4 |    37 |    86 |   147 |   152 |   157 |   342 ||   925
       Petrified         |       |       |       |       |     8 |       |       |       |       ||     8
       Distracted        |       |       |       |       |       |     1 |     1 |       |     1 ||     3
       Invisible         |       |       |       |       |       |       |       |       |     3 ||     3
Armor: Scale mail        |    29 |    27 |       |       |       |       |       |       |       ||    56
       Ring mail         |       |    43 |    61 |   102 |   340 |   438 |       |       |       ||   984
       Ice dragon scales |       |       |       |       |       |    56 |   187 |       |       ||   243
       Plate armour      |       |       |       |       |       |       |   181 |   273 |       ||   454
       Gold dragon scale |       |       |       |       |       |       |       |   164 |  1177 ||  1341
Dodge: Dodged            |    48 |   111 |   100 |   220 |   502 |   670 |   512 |   346 |   591 ||  3100
Block: Buckler           |    13 |    38 |    49 |    75 |   248 |   628 |   606 |   602 |    64 ||  2323
       Reflection        |       |       |       |       |       |    12 |    64 |    42 |    96 ||   214
       Kite shield       |       |       |       |       |       |       |       |       |  2745 ||  2745
